 Dungeon Sprint DCSS version 0.28-a0-1518-gbe868bca14 (webtiles) character file.

Game seed: 11394648791717677794

46263 mhtbhm the Hoplite (level 14, -6/148 HPs)
             Began as a Minotaur Fighter on Jan 16, 2022.
             Was the Champion of Qazlal.
             Mangled by a titan (19 damage)
             ... in the Dungeon (Sprint VII: "The Pits").
             The game lasted 00:11:00 (3735 turns).

mhtbhm the Hoplite (Minotaur Fighter)               Turns: 3735, Time: 00:11:00

Health: -6/148     AC: 24    Str: 29    XL:     14   Next: 4%
Magic:  23/25      EV: 12    Int:  5    God:    Qazlal [******]
Gold:   34         SH: 17    Dex: 10    Spells: 13/13 levels left

rFire   . . .      SeeInvis .   a - +2 war axe (freeze)
rCold   . . .      Faith    .   c - +0 buckler
rNeg    . . .      Spirit   .   b - +3 chain mail {Will+}
rPois   .          Reflect  .   (helmet restricted)
rElec   .          Harm     .   (no cloak)
rCorr   .          Rampage  .   (no gloves)
Will    ++...      NoTele   +   (no boots)
Stlth   ..........              (no amulet)
HPRegen 0.34/turn               G - +4 ring of protection
MPRegen 0.19/turn               o - +3 ring of strength

@: mighty, protected from physical damage, on berserk cooldown, repel missiles
A: horns 2, retaliatory headbutt
a: Renounce Religion, Upheaval, Elemental Force, Disaster Area


You were in the Dungeon.
You worshipped Qazlal.
Qazlal was exalted by your worship.
You visited 1 branch You collected 34 gold pieces.

Inventory:

Hand Weapons
 a - a +2 war axe of freezing (weapon)
 E - the +11 plutonium sword {Contam Stlth-}
   (You found it in the Dungeon)

   It occasionally inflicts wild transmutation effects on those it strikes,
   inflicting malmutation or extra damage, or polymorphing them into a new form.
   Contam:    It causes magical contamination when unequipped.
   Stlth:     It makes you less stealthy.
Missiles
 q - 8 silver javelins (quivered)
 r - 2 silver boomerangs
Armour
 b - a +3 chain mail of willpower (worn)
 c - a +0 buckler (worn)
Jewellery
 o - a +3 ring of strength (right hand)
 v - a ring of see invisible
 B - a ring of positive energy
 C - a ring of poison resistance
 F - a ring of positive energy
 G - a +4 ring of protection (left hand)
 H - a ring of protection from fire
Wands
 A - a wand of digging (7)
Scrolls
 l - 5 scrolls of amnesia
 m - a scroll of summoning
 u - a scroll of holy word
 w - 6 scrolls of enchant weapon
 x - 4 scrolls of enchant armour
 y - 3 scrolls of fear
 z - a scroll of identify
Potions
 d - a potion of might
 e - 4 potions of curing
 f - a potion of heal wounds
 g - 2 potions of haste
 h - 2 potions of magic
 i - 4 potions of berserk rage
 k - a potion of invisibility
 p - 2 potions of mutation
 s - 3 potions of brilliance
 t - a potion of resistance
Miscellaneous
 D - a tin of tremorstones (2/2)


   Skills:
 + Level 20.2 Fighting
 + Level 20.8 Axes
 + Level 3.4 Throwing
 + Level 17.8 Armour
 + Level 8.5 Dodging
 + Level 3.1 Stealth
 + Level 23.0 Shields
 * Level 16.9 Invocations
 + Level 3.6 Evocations


You had 13 spell levels left.
You didn't know any spells.
Your spell library contained the following spells:

 Spells                   Type           Power      Damage    Failure   Level
 Corpse Rot               Necr/Air       0%         N/A       94%         2
 Dispel Undead            Necr           0%         3d6       100%        4
 Death Channel            Necr           0%         N/A       100%        6


Dungeon Overview and Level Annotations

Branches:
Dungeon (1/1)

Altars:
Ashenzari
Cheibriados
Dithmenos
Elyvilon
Fedhas
Gozag
Hepliaklqana
Kikubaaqudgha
Makhleb
Nemelex Xobeh
Okawaru
Qazlal
Ru
Sif Muna
Trog
Uskayaw
Vehumet
Wu Jian
Xom
Yredelemnul
Zin
The Shining One
Beogh
Jiyva
Lugonu


Innate Abilities, Weirdness & Mutations

You have a pair of horns on your head.
You reflexively headbutt those who attack you in melee.


Message History

Your air elemental completely resists.
The stunning burst hits the orc knight!!
The orc knight is paralysed.
Your water elemental hits the orc knight.
The titan hits your air elemental!!!
Your air elemental is destroyed!
Your air elemental disappears in a puff of smoke!
Your air elemental hits the orc knight but does no damage.
You feel yourself speed up.
Your earth elemental disappears in a puff of smoke!
Your air elemental disappears in a puff of smoke!
Your fire elemental disappears in a puff of smoke!
Your water elemental disappears in a puff of smoke!
Your air elemental fires a burst of electricity at the orc knight.
The stunning burst hits the orc knight.
The orc knight is paralysed.
Your air elemental disappears in a puff of smoke!
The orc knight is no longer paralysed.
The titan points at you and mumbles some strange words.
The bolt of lightning misses you.
Unknown command.
Unknown command.
Unknown command.
You feel less protected from physical attacks.
The orc knight barely misses you.
Items here: ( )) [.
You slash the orc knight! You freeze the orc knight.
You headbutt the orc knight.
You kill the orc knight!
Qazlal accepts your kill.
Unknown command.
The titan hits you!!!
* * * LOW HITPOINT WARNING * * *
You feel protected from physical attacks.
There is a large open door to the Armoury (Hard), spattered with blood here.
Items here: ( ))) †.
You slash the titan! You freeze the titan. You headbutt the titan!!
The titan is moderately wounded.
You hear a shout!
The titan hits you!!
You die...

.# .# .+ .+ '#
'###############################+
..............°°°))..............
..............○.)§)..............
.##############)@##############..
.# #..§.C○☼.# .. .# #...)....# ..
.# ####..#### .. .# .).. .. .#
....) .. .# ....... .. .#
####..## .# ####


You could see a titan.

Vanquished Creatures
  A rockslime (D)
  A fire giant (D)
  A nagaraja (D)
  A frost giant (D)
  An orc warlord (D)
  A minotaur (D)
  An eidolon (D)
  A great orb of eyes (D)
  A yaktaur captain (D)
  Josephine (D)
  An ice dragon (D)
  2 naga warriors (D)
  A boulder beetle (D)
  3 hydras (D)
  A vault guard (D)
  2 two-headed ogres (D)
  An alligator snapping turtle (D)
  2 orc high priests (D)
  3 hell hogs (D)
  3 death yaks (D)
  A vampire mage (D)
  A sixfirhy (D)
  2 deep trolls (D)
  A flayed ghost (D)
  2 sea snakes (D)
  A spriggan druid (D)
  A phantasmal warrior (D)
  A swamp dragon (D)
  A wolf spider (D)
  A deep elf pyromancer (D)
  A deep elf zephyrmancer (D)
  2 harpies (D)
  An ugly thing (D)
  10 orc knights (D)
  A cyclops (D)
  A molten gargoyle (D)
  A gargoyle (D)
  A cane toad (D)
  A freezing wraith (D)
  A rime drake (D)
  A demonic crawler (D)
  A komodo dragon (D)
  2 hellwings (D)
  3 yaktaurs (D)
  2 ice devils (D)
  A wandering mushroom (D)
  A merfolk (D)
  A troll (D)
  2 polar bears (D)
  A hornet (D)
  4 blink frogs (D)
  A tarantella (D)
  A jumping spider (D)
  2 flying skulls (D)
  A culicivora (D)
  2 fire bats (D)
  5 wraiths (D)
  A basilisk (D)
  2 wargs (D)
  9 redbacks (D)
  An acid dragon (D)
  7 orc warriors (D)
  An ice beast (D)
  A sky beast (D)
  A phantom (D)
  2 bullfrogs (D)
  4 killer bees (D)
  2 orc priests (D)
  An iguana (D)
  4 orc wizards (D)
  An adder skeleton (D)
  A worm (D)
  10 orcs (D)
  A bat skeleton (D)
  2 endoplasms (D)
  A goblin (D)
  2 hobgoblins (D)
  2 jackals (D)
  A ball python skeleton (D)
  2 bats (D)
  A frilled lizard (D)
  A giant cockroach zombie (D)
  A rat (D)
154 creatures vanquished.

Vanquished Creatures (collateral kills)
  An orc warlord (D)
  A red draconian (D)
  A merfolk javelineer (D)
  A vault guard (D)
  2 deep elf knights (D)
  2 harpies (D)
  A troll (D)
  A hornet (D)
  A redback (D)
11 creatures vanquished.

Grand Total: 165 creatures vanquished

Notes
Turn   | Place    | Note
-------+----------+-------------------------------------------
     0 | D        | mhtbhm the Minotaur Fighter began the quest for the Orb.
     0 | D        | Reached XP level 1. HP: 19/19 MP: 0/0
    18 | D        | Found a bloodstained altar of Trog.
    18 | D        | Found a shimmering blue altar of Sif Muna.
    18 | D        | Found a viscous altar of Jiyva.
    18 | D        | Found a hazy altar of Hepliaklqana.
    18 | D        | Found an opulent altar of Gozag.
    19 | D        | Found a glowing golden altar of the Shining One.
    19 | D        | Found a glowing silver altar of Zin.
    19 | D        | Found a basalt altar of Yredelemnul.
    19 | D        | Found a shimmering altar of Xom.
    19 | D        | Found an ornate altar of the Wu Jian Council.
    19 | D        | Found a sacrificial altar of Ru.
    19 | D        | Found a stormy altar of Qazlal.
    19 | D        | Found an iron altar of Okawaru.
    19 | D        | Found a sparkling altar of Nemelex Xobeh.
    19 | D        | Found a burning altar of Makhleb.
    19 | D        | Found a blossoming altar of Fedhas.
    19 | D        | Found a white marble altar of Elyvilon.
    19 | D        | Found a shadowy altar of Dithmenos.
    19 | D        | Found a snail-covered altar of Cheibriados.
    21 | D        | Found a radiant altar of Vehumet.
    21 | D        | Found a corrupted altar of Lugonu.
    22 | D        | Found a hide-covered altar of Uskayaw.
    22 | D        | Found an ancient bone altar of Kikubaaqudgha.
    22 | D        | Found a broken altar of Ashenzari.
    26 | D        | Became a worshipper of Qazlal Stormbringer
    69 | D        | Reached skill level 4 in Shields
    73 | D        | Reached * piety under Qazlal
   147 | D        | Reached ** piety under Qazlal
   148 | D        | Reached XP level 2. HP: 28/28 MP: 1/1
   148 | D        | Noticed a sky beast
   153 | D        | Killed a sky beast
   154 | D        | Reached skill level 6 in Shields
   154 | D        | Reached XP level 3. HP: 38/38 MP: 2/2
   154 | D        | Reached XP level 4. HP: 45/45 MP: 3/3
   221 | D        | Noticed an ice beast
   242 | D        | Killed an ice beast
   242 | D        | Reached *** piety under Qazlal
   243 | D        | Reached skill level 1 in Dodging
   243 | D        | Reached skill level 8 in Shields
   243 | D        | Reached XP level 5. HP: 51/53 MP: 4/4
   248 | D        | Reached skill level 5 in Axes
   256 | D        | Noticed a flying skull
   260 | D        | Reached **** piety under Qazlal
   274 | D        | Killed a flying skull
   275 | D        | Reached skill level 9 in Shields
   275 | D        | Reached XP level 6. HP: 35/63 MP: 5/5
   280 | D        | Reached skill level 10 in Shields
   470 | D        | Reached ***** piety under Qazlal
   471 | D        | Reached skill level 10 in Armour
   473 | D        | Noticed a phantasmal warrior
   489 | D        | Killed a phantasmal warrior
   490 | D        | Reached skill level 11 in Shields
   490 | D        | Reached XP level 7. HP: 61/74 MP: 6/6
   536 | D        | Reached skill level 12 in Shields
   543 | D        | Reached XP level 8. HP: 60/82 MP: 7/7
   765 | D        | Noticed a two-headed ogre
   775 | D        | Reached ****** piety under Qazlal
   776 | D        | Reached skill level 10 in Axes
   778 | D        | Killed a two-headed ogre
   779 | D        | Reached skill level 13 in Shields
   779 | D        | Reached XP level 9. HP: 60/90 MP: 8/8
   790 | D        | Noticed a freezing wraith
   790 | D        | Noticed a boulder beetle
   790 | D        | Noticed a sea snake
   790 | D        | Noticed a deep troll
   803 | D        | Killed a freezing wraith
   804 | D        | Reached skill level 14 in Shields
   810 | D        | Killed a sea snake
   812 | D        | Killed a deep troll
   813 | D        | Reached skill level 1 in Stealth
   813 | D        | Reached skill level 15 in Shields
  1037 | D        | Killed a boulder beetle
  1038 | D        | Reached XP level 10. HP: 83/101 MP: 9/9
  1107 | D        | Noticed a molten gargoyle
  1114 | D        | Killed a molten gargoyle
  1119 | D        | Reached skill level 15 in Axes
  1119 | D        | Reached skill level 16 in Shields
  1342 | D        | Noticed an orc knight
  1346 | D        | Noticed a gargoyle
  1349 | D        | Noticed a death yak
  1354 | D        | Noticed a minotaur
  1356 | D        | Noticed a five-headed hydra
  1358 | D        | Killed an orc knight
  1382 | D        | Killed a 12-headed hydra
  1383 | D        | Reached skill level 17 in Shields
  1391 | D        | Killed a death yak
  1396 | D        | Killed a minotaur
  1397 | D        | Reached skill level 5 in Dodging
  1397 | D        | Reached XP level 11. HP: 59/111 MP: 10/10
  1399 | D        | Reached skill level 15 in Armour
  1610 | D        | Reached skill level 18 in Shields
  1663 | D        | Noticed a deep elf pyromancer
  1666 | D        | Killed a deep elf pyromancer
  1667 | D        | Reached skill level 15 in Fighting
  1694 | D        | Noticed Josephine
  1694 | D        | Noticed a flayed ghost
  1694 | D        | Noticed a sea snake
  1699 | D        | Noticed a wolf spider
  1703 | D        | Reached skill level 1 in Invocations
  1705 | D        | Killed Josephine
  1708 | D        | Killed a sea snake
  1714 | D        | Killed a wolf spider
  1715 | D        | Reached skill level 19 in Shields
  1717 | D        | Killed a flayed ghost
  1942 | D        | Noticed an eidolon
  1953 | D        | Killed an eidolon
  1954 | D        | Reached skill level 5 in Invocations
  2069 | D        | Noticed a vampire mage
  2070 | D        | Noticed a deep troll
  2078 | D        | Killed a vampire mage
  2085 | D        | Killed a deep troll
  2086 | D        | Reached XP level 12. HP: 72/124 MP: 15/15
  2273 | D        | Reached skill level 20 in Shields
  2334 | D        | Noticed a death yak
  2350 | D        | Killed a death yak
  2505 | D        | Noticed a hell hog
  2506 | D        | Noticed a hell hog
  2507 | D        | Noticed a hell hog
  2511 | D        | Killed a hell hog
  2514 | D        | Killed a hell hog
  2517 | D        | Killed a hell hog
  2894 | D        | Found the +11 plutonium sword {Contam Stlth-}
  2894 | D        | Noticed an orc high priest
  2894 | D        | Noticed a frost giant
  2894 | D        | Noticed an ice dragon
  2894 | D        | Noticed a rockslime
  2906 | D        | Killed a rockslime
  2907 | D        | Reached skill level 21 in Shields
  2909 | D        | Killed an orc high priest
  2915 | D        | HP: 3/127 [frost giant/bolt of cold (24)]
  2923 | D        | Killed an ice dragon
  2930 | D        | Killed a frost giant
  3254 | D        | Noticed a nagaraja
  3254 | D        | Noticed a six-headed hydra
  3254 | D        | Noticed an orc high priest
  3254 | D        | Noticed a five-headed hydra
  3257 | D        | Killed an orc high priest
  3257 | D        | Noticed a red draconian
  3258 | D        | Reached skill level 1 in Throwing
  3262 | D        | Killed a five-headed hydra
  3262 | D        | Killed a six-headed hydra
  3262 | D        | Noticed a fire giant
  3263 | D        | Reached skill level 10 in Invocations
  3263 | D        | Noticed an alligator snapping turtle
  3264 | D        | Noticed a merfolk javelineer
  3265 | D        | Killed a nagaraja
  3266 | D        | Noticed a great orb of eyes
  3268 | D        | Reached XP level 13. HP: 81/136 MP: 7/20
  3272 | D        | Killed a merfolk javelineer
  3278 | D        | Killed a red draconian
  3285 | D        | Reached skill level 1 in Evocations
  3296 | D        | Killed a fire giant
  3297 | D        | Reached skill level 22 in Shields
  3657 | D        | Noticed an orc warlord
  3657 | D        | Noticed an orc warlord
  3667 | D        | HP: 1/138 [orc knight (21)]
  3676 | D        | Killed an orc warlord
  3687 | D        | Reached skill level 15 in Invocations
  3692 | D        | Killed an orc warlord
  3726 | D        | Reached skill level 23 in Shields
  3726 | D        | Reached XP level 14. HP: 51/148 MP: 21/25
  3727 | D        | Noticed a titan
  3735 | D        | Mangled by a titan

Illustrated notes

Levels and vault maps discovered:
D:        pitsprint [storerooms_1, entrance_room_1, metal_vault_3, armoury_2,
          mini_pit_1, grid_room_1, main_hall_1, silver_pit, the_coven_2,
          the_vestibule_1, steel_vault_3, golden_pit, hallway_of_sentries,
          crystal_vault_4, iron_vault_1, final_vault]

Skill      XL: |  1  2  3  4  5  6  7  8  9 10 11 12 13 |
---------------+----------------------------------------+-----
Fighting       | 4 6 8 9 11 12 13 14 16 18 20 | 20.2
Armour         | 4 6 8 9 11 12 13 14 15 17 | 17.8
Shields        | 4 6 8 9 11 12 13 15 17 19 21 23 | 23.0
Axes           | 4 6 8 9 11 14 16 18 20 | 20.8
Dodging        | 1 2 3 5 6 7 8 |  8.5
Stealth        | 1 3 |  3.1
Invocations    | 6 10 16 | 16.9
Throwing       | 2 3 |  3.4
Evocations     | 3 |  3.6

Action                   |  1- 3 |  4- 6 |  7- 9 | 10-12 | 13-15 || total
-------------------------+-------+-------+-------+-------+-------++-------
Melee: Hand axe          |    13 |    68 |    35 |       |       ||   116
       Headbutt          |     4 |    14 |    16 |    50 |    16 ||   100
       War axe           |     1 |       |    41 |   222 |    59 ||   323
Throw: Javelin           |       |       |       |     6 |       ||     6
Invok: Disaster Area     |       |       |       |     5 |     1 ||     6
       Elemental Force   |       |       |       |       |     7 ||     7
Evoke: Tin of tremorston |       |       |       |     2 |     8 ||    10
  Use: Potion            |       |     1 |     2 |     8 |    14 ||    25
       Scroll            |       |       |       |     1 |     1 ||     2
 Stab: Paralysed         |       |       |       |       |     2 ||     2
       Invisible         |       |       |       |       |     1 ||     1
Armor: Scale mail        |     4 |       |       |       |       ||     4
       Chain mail        |       |    25 |    12 |    89 |    15 ||   141
Dodge: Dodged            |    12 |    13 |    23 |    61 |    24 ||   133
       Repelled          |       |     1 |       |     3 |     1 ||     5
Block: Buckler           |     5 |    40 |    43 |   175 |    51 ||   314

Table legend: (Time is in decaauts)
 A = Elapsed time spent in this place.
 B = Non-inter-level travel time spent in this place.
 C = Inter-level travel time spent in this place.
 D = Time resting spent in this place.
 E = Time spent auto-exploring this place.
 F = Levels seen in this place.
 G = Mean time per level.
                   A        B        C        D        E       F      G
               +--------+--------+--------+--------+--------+-----+--------+
         Total |   3694 |   3694 |      0 |   2245 |     82 |   1 | 3694.0 |
       Dungeon |   3694 |   3694 |      0 |   2245 |     82 |   1 | 3694.0 |
               +--------+--------+--------+--------+--------+-----+--------+

Top non-repeatable levels by time:
       D: 3694 daAuts
